 Dungeon Crawl Stone Soup version 0.29-a0-322-g68df515428 (webtiles) character file.

Game seed: 2100310137245554602

478 funkygono the Slasher (level 7, -13/60 HPs)
             Began as a Hill Orc Fighter on Apr 6, 2022.
             Mangled by an orc warrior
             ... wielding a +0 trident of pain
              (14 damage)
             ... on level 5 of the Dungeon.
             The game lasted 00:06:28 (4898 turns).

funkygono the Slasher (Hill Orc Fighter)            Turns: 4898, Time: 00:06:29

Health: -13/60     AC: 13    Str: 21    XL:     7   Next: 11%
Magic:  7/7        EV:  9    Int:  8    God:
Gold:   86         SH:  4    Dex: 10    Spells: 6/6 levels left

rFire   . . .      SeeInvis .   a - +2 long sword (freeze)
rCold   . . .      Faith    .   c - +0 buckler
rNeg    . . .      Spirit   .   b - +0 scale mail
rPois   .          Reflect  .   s - +1 helmet
rElec   .          Harm     .   k - +1 cloak
rCorr   .          Rampage  .   (no gloves)
Will    .....                   h - +0 pair of boots
Stlth   ..........              (no amulet)
HPRegen 0.20/turn               (no ring)
MPRegen 0.10/turn               (no ring)

@: no status effects
A: no striking features
a: no special abilities


You were on level 5 of the Dungeon.
You visited 1 branch of the dungeon, and saw 5 of its levels.

You collected 86 gold pieces.

Inventory:

Hand Weapons
 a - a +2 long sword of freezing (weapon)
Missiles
 e - 5 atropa-tipped darts (quivered)
 w - 6 boomerangs
Armour
 b - a +0 scale mail (worn)
 c - a +0 buckler (worn)
 h - a +0 pair of boots (worn)
 k - a +1 cloak (worn)
 s - a +1 helmet (worn)
Jewellery
 g - a ring of flight
 l - a ring of fire
Wands
 q - a wand of flame (18)
 x - a wand of iceblast (10)
Scrolls
 j - a scroll of magic mapping
 n - 3 scrolls of teleportation
Potions
 d - 2 potions of might
 f - 3 potions of attraction
 i - 7 potions of heal wounds
 o - 2 potions of flight
 p - a potion of curing
 r - a potion of mutation
 t - a potion of cancellation
 u - a potion of resistance
 z - a potion of brilliance {unknown}


   Skills:
 + Level 4.7 Fighting
 + Level 5.8 Long Blades
 + Level 4.9 Armour
 + Level 1.3 Dodging
 + Level 0.3 Stealth
 + Level 4.1 Shields


You had 6 spell levels left.
You didn't know any spells.
Your spell library contained the following spells:

 Spells                   Type           Power      Damage    Failure   Level
 Pain                     Necr           0%         1d4       83%         1
 Static Discharge         Conj/Air       0%         N/A       92%         2
 Olgreb's Toxic Radiance  Pois           0%         N/A       100%        4
 Agony                    Necr           0%         N/A       100%        5
 Excruciating Wounds      Necr           0%         N/A       100%        5
 Lightning Bolt           Conj/Air       0%         1d11      100%        5
 Ozocubu's Refrigeration  Ice            0%         4d5       100%        7
 Ignition                 Fire           0%         3d3       100%        8
 Maxwell's Capacitive Co  Air            0%         ∞         100%        8
 Chain Lightning          Conj/Air       0%         N/A       100%        9
 Fire Storm               Conj/Fire      0%         5d1       100%        9
 Shatter                  Erth           0%         3d5*      100%        9


Dungeon Overview and Level Annotations

Branches:
Dungeon (5/15)
 Temple: D:4-7

Altars:
Wu Jian


Message History

An orc comes into view. It is wielding a +0 falchion.
You hit the orc but do no damage.
The orc is almost dead.
You block the orc's attack.
An orc warrior comes into view.
It is wielding a +0 trident of pain and carrying a wand of iceblast (2).
You closely miss the orc.
The orc is almost dead.
You block the orc's attack.
You hit the orc. You freeze the orc.
You kill the orc!
You slash the orc! You freeze the orc.
You kill the orc!
You block the orc's attack.
The orc warrior hits you from afar with a +0 trident of pain!
You writhe in agony.
Items here: )) [ ††.
You barely miss the orc. The orc hits you but does no damage.
The orc warrior hits you from afar with a +0 trident of pain!
You writhe in agony.
You slash the orc! You freeze the orc.
You kill the orc!
The orc warrior zaps a wand.
The mass of ice explodes!
The iceblast engulfs you!
You hear an angry hiss.
The orc warrior hits you with a +0 trident of pain!
Things that are here:
a +0 falchion; a +0 leather armour; an orc corpse You barely miss the orc warrior.
The orc warrior hits you with a +0 trident of pain!
* * * LOW HITPOINT WARNING * * *
You writhe in agony.
* * * LOW HITPOINT WARNING * * *
You hit the orc warrior. You freeze the orc warrior.
The orc warrior is lightly wounded.
The orc warrior hits you with a +0 trident of pain!
* * * LOW HITPOINT WARNING * * *
You hit the orc warrior but do no damage.
The orc warrior is lightly wounded.
The orc warrior hits you with a +0 trident of pain!
You die...

### ..# ##
#.######## #####
..
#........###...#
.#
########.......#
.# .........##...#
.#
#........##.#.##.#
#######..#.###)#.#
#...# ##@.# ...##
##o# #.##. ... #.
# .#... .#..... ..
.... .# ... .# ..#


You could see an orc warrior.

Vanquished Creatures
  An ice beast (D:4)
  A necrophage (D:4)
  A scorpion (D:4)
  An orc priest (D:4)
  Ijyb (D:4)
  Robin (D:4)
  9 adders
  A worm (D:2)
  2 dart slugs
  12 orcs
  An endoplasm (D:3)
  2 giant cockroaches
  16 goblins
  6 hobgoblins
  6 jackals
  4 kobolds
  5 quokkas
  11 ball pythons
  4 bats
  2 frilled lizards
  9 rats
96 creatures vanquished.

Notes
Turn   | Place    | Note
-------+----------+-------------------------------------------
     0 | D:1      | funkygono the Hill Orc Fighter began the quest for the Orb.
     0 | D:1      | Reached XP level 1. HP: 19/19 MP: 1/1
   207 | D:1      | Reached XP level 2. HP: 21/27 MP: 2/2
   946 | D:2      | Reached XP level 3. HP: 33/33 MP: 3/3
  1092 | D:2      | Reached skill level 3 in Long Blades
  1411 | D:2      | Reached XP level 4. HP: 21/40 MP: 4/4
  1628 | D:2      | Found an ornate altar of the Wu Jian Council.
  2402 | D:3      | Reached XP level 5. HP: 25/46 MP: 5/5
  3133 | D:4      | Reached skill level 4 in Long Blades
  3705 | D:4      | Reached skill level 1 in Dodging
  3705 | D:4      | Reached XP level 6. HP: 23/53 MP: 6/6
  4015 | D:4      | Noticed an ice beast
  4022 | D:4      | Killed an ice beast
  4023 | D:4      | Reached skill level 5 in Long Blades
  4116 | D:4      | Noticed Robin
  4119 | D:4      | Killed Robin
  4335 | D:4      | Reached XP level 7. HP: 59/60 MP: 7/7
  4486 | D:4      | Noticed Ijyb
  4496 | D:4      | Killed Ijyb
  4836 | D:5      | Entered Level 5 of the Dungeon
  4849 | D:5      | Identified the +2 robe of Talihy {Harm rN++ rCorr Int-2}
  4897 | D:5      | HP: 1/60 [orc warrior/+0 trident of pain (9)]
  4898 | D:5      | Mangled by an orc warrior

Illustrated notes

Levels and vault maps discovered:
D:1:      tarquinn_simple_flora_water_a, layout_rooms
D:2:      minmay_skewed_foursquare, layout_loops_corners, basic_altar
D:3:      layout_basic
D:4:      kennysheep_the_goblin_king, layout_basic, hangedman_decor_riveting,
          minmay_puff, uniq_robin
D:5:      layout_loops_ring

Skill      XL: |  1  2  3  4  5  6 |
---------------+-------------------+-----
Long Blades    | 3 4 5 |  5.8
Fighting       | 4 |  4.7
Armour         | 4 |  4.9
Dodging        | 1 |  1.3
Shields        | 4 |  4.1
Stealth        | |  0.3

Action                   |  1- 3 |  4- 6 |  7- 9 || total
-------------------------+-------+-------+-------++-------
Melee: Long sword        |   156 |   178 |    22 ||   356
Evoke: Wand              |       |       |     1 ||     1
  Use: Scroll            |       |    16 |     5 ||    21
Armor: Scale mail        |    86 |   108 |     8 ||   202
Dodge: Dodged            |    80 |    83 |     2 ||   165
Block: Buckler           |    31 |    31 |     6 ||    68

Table legend: (Time is in decaauts)
 A = Elapsed time spent in this place.
 B = Non-inter-level travel time spent in this place.
 C = Inter-level travel time spent in this place.
 D = Time resting spent in this place.
 E = Time spent auto-exploring this place.
 F = Levels seen in this place.
 G = Mean time per level.
                   A        B        C        D        E       F      G
               +--------+--------+--------+--------+--------+-----+--------+
         Total |   4991 |   4878 |    113 |      0 |   3859 |   5 |  998.2 |
       Dungeon |   4991 |   4878 |    113 |      0 |   3859 |   5 |  998.2 |
               +--------+--------+--------+--------+--------+-----+--------+

Top non-repeatable levels by time:
     D:4: 1750 daAuts
     D:2: 1434 daAuts
     D:3: 1056 daAuts
     D:1: 686 daAuts
     D:5: 63 daAuts
